General information
- name: BNet
- type: Ladder team game (AT/RT)
- host: Battle.net
- saver: The_Trollfather
map: Deadlands
- players: 8
- length: 72:00
- speed: Fast
- version: 1.26 W3XP
- replay type: Public
» download(299 KB)
Players
team 1 (winner)
Fat.Umpalumpa (
pink | 27 APM | 1978 actions | 71:59)
8 Blademaster
3 Wind Walk
3 Critical Strike
1 Bladestorm
1 Mirror Image
6 Shadow Hunter
3 Healing Wave
2 Serpent Ward
1 Big Bad Voodoo
» actions
| Assign group hotkey | 68 | |
| Basic commands | 251 | |
| Build / train | 76 | |
| ESC pressed | 17 | |
| Enter build submenu | 19 | |
| Enter hero's abilities submenu | 13 | |
| Right click | 541 | |
| Select / deselect | 425 | |
| Select group hotkey | 433 | |
| Use ability | 135 | |
1978 total
» units
| Peon | 9 | |
| Grunt | 5 | |
| Shaman | 17 | |
| Tauren | 11 | |
| Demolisher | 1 | |
43 total
» upgrades
| Armor | 3 | |
| Berserker Strength | 1 | |
| Shaman Training | 2 | |
| Ranged Weapons | 1 | |
| Melee Weapons | 2 | |
| Pulverize | 1 | |
10 total
» buildings
| Altar of Storms | 1 | |
| Orc Burrow | 7 | |
| Barracks | 1 | |
| Stronghold | 1 | |
| Voodoo Lounge | 1 | |
| War Mill | 1 | |
| Fortress | 1 | |
| Spirit Lodge | 1 | |
| Tauren Totem | 1 | |
| Great Hall | 1 | |
| Watch Tower | 1 | |
17 total
» build order
00:07 Altar of Storms
00:08 Orc Burrow
00:34 Barracks
01:34 Orc Burrow
02:47 Stronghold
03:17 Voodoo Lounge
03:26 War Mill
03:45 Orc Burrow
05:19 Fortress
05:23 Spirit Lodge
06:10 Orc Burrow
07:45 Tauren Totem
07:53 Orc Burrow
11:33 Orc Burrow
12:36 Orc Burrow
30:05 Great Hall
30:09 Watch Tower
» items
| Healing Salve | 3 | |
| Scroll of Town Portal | 1 | |
4 total
The_Trollfather (
yellow | 52 APM | 3719 actions | 72:00)
10 Archmage
3 Summon Water Elemental
3 Brilliance Aura
1 Mass Teleport
3 Blizzard
» actions
| Assign group hotkey | 32 | |
| Basic commands | 333 | |
| Build / train | 119 | |
| Enter build submenu | 77 | |
| Enter hero's abilities submenu | 10 | |
| Give item / drop item | 7 | |
| Remove unit from queue | 4 | |
| Right click | 994 | |
| Select / deselect | 551 | |
| Select group hotkey | 1243 | |
| Use ability | 349 | |
3719 total
» units
| Peasant | 13 | |
| Footman | 4 | |
| Goblin Shredder | 1 | |
| Gryphon Rider | 13 | |
| Dragonhawk Rider | 7 | |
| Goblin Sapper | 16 | |
54 total
» upgrades
| Masonry | 3 | |
| Swords | 3 | |
| Armor | 3 | |
| Animal War Training | 1 | |
| Storm Hammers | 1 | |
| Cloud | 1 | |
| Magic Sentry | 1 | |
13 total
» buildings
| Altar of Kings | 1 | |
| Barracks | 1 | |
| Farm | 16 | |
| Arcane Vault | 5 | |
| Lumber Mill | 1 | |
| Keep | 1 | |
| Town Hall | 4 | |
| Scout Tower | 54 | |
| Castle | 1 | |
| Guard Tower | 18 | |
| Gryphon Aviary | 6 | |
| Blacksmith | 4 | |
| Arcane Sanctum | 1 | |
| Arcane Tower | 1 | |
114 total
» build order
00:38 Altar of Kings
00:40 Barracks
00:51 Farm
00:52 Farm
01:05 Farm
01:38 Farm
03:06 Arcane Vault
03:31 Lumber Mill
04:08 Keep
04:33 Town Hall
06:08 Scout Tower
06:10 Scout Tower
06:12 Scout Tower
06:14 Scout Tower
06:16 Scout Tower
07:30 Castle
07:32 Guard Tower
09:05 Arcane Vault
09:21 Gryphon Aviary
09:22 Gryphon Aviary
09:22 Gryphon Aviary
09:23 Gryphon Aviary
09:26 Blacksmith
09:27 Blacksmith
09:36 Gryphon Aviary
09:37 Gryphon Aviary
10:03 Farm
10:10 Blacksmith
10:14 Blacksmith
14:53 Farm
14:54 Farm
14:54 Farm
14:54 Farm
14:55 Farm
14:57 Farm
17:01 Farm
17:02 Farm
17:05 Farm
17:07 Farm
17:09 Farm
23:35 Town Hall
23:38 Scout Tower
23:38 Scout Tower
23:38 Scout Tower
23:39 Scout Tower
23:40 Scout Tower
23:40 Scout Tower
23:41 Scout Tower
23:41 Scout Tower
24:00 Arcane Vault
24:25 Guard Tower
24:40 Guard Tower
24:42 Guard Tower
24:54 Town Hall
24:59 Scout Tower
25:00 Scout Tower
25:00 Scout Tower
25:00 Scout Tower
25:02 Scout Tower
25:02 Scout Tower
25:03 Scout Tower
25:17 Arcane Vault
25:23 Scout Tower
25:42 Guard Tower
25:45 Guard Tower
26:01 Guard Tower
27:02 Guard Tower
37:39 Town Hall
37:41 Scout Tower
37:41 Scout Tower
37:42 Scout Tower
37:42 Scout Tower
37:43 Scout Tower
37:44 Scout Tower
37:44 Scout Tower
37:44 Scout Tower
37:52 Arcane Vault
37:57 Scout Tower
37:59 Scout Tower
39:15 Guard Tower
46:17 Scout Tower
46:17 Scout Tower
46:17 Scout Tower
46:18 Scout Tower
46:25 Scout Tower
46:47 Guard Tower
46:47 Guard Tower
46:51 Guard Tower
46:52 Guard Tower
46:52 Guard Tower
47:30 Scout Tower
48:31 Guard Tower
50:06 Arcane Sanctum
56:22 Scout Tower
56:51 Arcane Tower
59:06 Scout Tower
59:06 Scout Tower
59:07 Scout Tower
59:07 Scout Tower
59:08 Scout Tower
59:14 Scout Tower
59:14 Scout Tower
59:14 Scout Tower
59:15 Scout Tower
59:15 Scout Tower
59:17 Scout Tower
59:18 Scout Tower
59:18 Scout Tower
59:19 Scout Tower
59:21 Scout Tower
» items
| Scroll of Town Portal | 3 | |
| Periapt of Vitality | 3 | |
| Mechanical Critter | 2 | |
| Potion of Lesser Invulnerability | 1 | |
| Scroll of Regeneration | 5 | |
| Potion of Healing | 1 | |
| Staff of Teleportation | 1 | |
16 total

»
CLOPES (
purple | 20 APM | 846 actions | 42:05)
7 Demon Hunter
3 Evasion
3 Mana Burn
1 Metamorphosis
» actions
| Build / train | 86 | |
| ESC pressed | 3 | |
| Enter build submenu | 31 | |
| Enter hero's abilities submenu | 7 | |
| Right click | 332 | |
| Select / deselect | 350 | |
| Use ability | 37 | |
846 total
» units
| Wisp | 24 | |
| Archer | 5 | |
| Huntress | 11 | |
| Hippogryph | 21 | |
| Chimaera | 7 | |
68 total
» upgrades
| Strength of the Wild | 3 | |
| Reinforced Hides | 2 | |
| Corrosive Breath | 1 | |
6 total
» buildings
| Altar of Elders | 1 | |
| Moon Well | 8 | |
| Ancient of War | 1 | |
| Hunter's Hall | 1 | |
| Ancient Protector | 9 | |
| Tree of Life | 2 | |
| Tree of Ages | 2 | |
| Tree of Eternity | 1 | |
| Ancient of Wind | 1 | |
| Chimaera Roost | 2 | |
28 total
» build order
00:10 Altar of Elders
00:15 Moon Well
01:17 Moon Well
01:43 Ancient of War
02:22 Moon Well
03:21 Hunter's Hall
03:25 Moon Well
04:49 Ancient Protector
04:56 Moon Well
05:09 Tree of Life
06:04 Ancient Protector
06:23 Moon Well
07:32 Tree of Ages
08:12 Ancient Protector
09:17 Tree of Ages
09:28 Moon Well
09:45 Ancient Protector
10:00 Ancient Protector
10:11 Ancient Protector
11:20 Ancient Protector
11:32 Ancient Protector
11:38 Ancient Protector
12:11 Tree of Eternity
12:17 Ancient of Wind
16:09 Chimaera Roost
16:14 Chimaera Roost
17:46 Moon Well
21:40 Tree of Life
» items
Wesnile (
green | 31 APM | 2184 actions | 71:08)
8 Archmage
3 Summon Water Elemental
3 Blizzard
1 Mass Teleport
1 Brilliance Aura
» actions
| Assign group hotkey | 37 | |
| Basic commands | 17 | |
| Build / train | 86 | |
| Enter build submenu | 35 | |
| Enter hero's abilities submenu | 8 | |
| Remove unit from queue | 2 | |
| Right click | 672 | |
| Select / deselect | 430 | |
| Select group hotkey | 793 | |
| Use ability | 104 | |
2184 total
» units
| Peasant | 14 | |
| Rifleman | 24 | |
| Priest | 8 | |
| Hippogryph | 1 | |
47 total
» upgrades
| Gunpowder | 3 | |
| Armor | 3 | |
| Masonry | 3 | |
| Priest Training | 2 | |
| Long Rifles | 1 | |
12 total
» buildings
| Altar of Kings | 1 | |
| Farm | 10 | |
| Blacksmith | 1 | |
| Barracks | 2 | |
| Arcane Vault | 1 | |
| Keep | 1 | |
| Scout Tower | 11 | |
| Lumber Mill | 1 | |
| Arcane Tower | 1 | |
| Arcane Sanctum | 1 | |
| Guard Tower | 6 | |
| Castle | 1 | |
| Town Hall | 4 | |
41 total
» build order
00:10 Altar of Kings
00:14 Farm
00:57 Farm
01:21 Blacksmith
01:34 Farm
01:56 Barracks
02:06 Arcane Vault
02:20 Farm
03:00 Farm
04:16 Farm
04:59 Farm
05:00 Keep
06:26 Scout Tower
06:35 Scout Tower
06:38 Scout Tower
06:45 Lumber Mill
07:00 Arcane Tower
07:05 Scout Tower
07:10 Scout Tower
07:15 Scout Tower
07:28 Arcane Sanctum
07:38 Farm
07:43 Scout Tower
07:50 Guard Tower
08:10 Scout Tower
08:12 Guard Tower
08:16 Scout Tower
08:21 Scout Tower
08:58 Guard Tower
09:00 Guard Tower
09:50 Guard Tower
11:29 Scout Tower
11:43 Castle
12:02 Guard Tower
13:09 Town Hall
15:43 Barracks
17:10 Farm
22:10 Town Hall
23:32 Farm
28:55 Town Hall
30:39 Town Hall
» items
| Lesser Clarity Potion | 4 | |
| Scroll of Regeneration | 2 | |
| Potion of Mana | 1 | |
| Potion of Healing | 1 | |
8 total
team 2 (loser)

»
bladecutter (
blue | 23 APM | 572 actions | 24:58)
5 Keeper of the Grove
1 Force of Nature
3 Thorns Aura
1 Entangling Roots
» actions
| Build / train | 50 | |
| Enter build submenu | 21 | |
| Enter hero's abilities submenu | 5 | |
| Give item / drop item | 1 | |
| Right click | 192 | |
| Select / deselect | 266 | |
| Use ability | 37 | |
572 total
» units
| Wisp | 14 | |
| Hippogryph | 9 | |
| Chimaera | 11 | |
34 total
» upgrades
| Strength of the Wild | 3 | |
| Reinforced Hides | 3 | |
| Corrosive Breath | 1 | |
| Nature's Blessing | 1 | |
8 total
» buildings
| Moon Well | 8 | |
| Altar of Elders | 1 | |
| Hunter's Hall | 1 | |
| Tree of Ages | 1 | |
| Ancient Protector | 5 | |
| Ancient of Wonders | 1 | |
| Tree of Eternity | 1 | |
| Ancient of Wind | 1 | |
| Chimaera Roost | 2 | |
21 total
» build order
00:08 Moon Well
00:12 Altar of Elders
01:02 Moon Well
01:53 Hunter's Hall
02:07 Moon Well
02:47 Tree of Ages
03:31 Ancient Protector
03:59 Moon Well
04:02 Ancient of Wonders
04:45 Ancient Protector
04:53 Moon Well
05:09 Tree of Eternity
05:17 Ancient of Wind
07:31 Chimaera Roost
07:50 Chimaera Roost
11:06 Moon Well
13:05 Moon Well
13:52 Moon Well
20:00 Ancient Protector
20:03 Ancient Protector
20:08 Ancient Protector
rainbow-warrior (
teal | 55 APM | 3984 actions | 71:59)
10 Blademaster
3 Wind Walk
3 Critical Strike
1 Bladestorm
3 Mirror Image
1 Keeper of the Grove
1 Tranquility
» actions
| Assign group hotkey | 49 | |
| Basic commands | 9 | |
| Build / train | 109 | |
| Enter build submenu | 45 | |
| Enter hero's abilities submenu | 12 | |
| Give item / drop item | 5 | |
| Remove unit from queue | 2 | |
| Right click | 1798 | |
| Select / deselect | 379 | |
| Select group hotkey | 1249 | |
| Use ability | 327 | |
3984 total
» units
| Peon | 14 | |
| Goblin Shredder | 4 | |
| Wind Rider | 8 | |
| Troll Batrider | 19 | |
| Goblin Sapper | 3 | |
| Goblin Zeppelin | 3 | |
51 total
» upgrades
| Reinforced Defenses | 1 | |
| Ranged Weapons | 2 | |
| Armor | 2 | |
| Envenomed Spears | 2 | |
| Liquid Fire | 1 | |
| Ensnare | 1 | |
9 total
» buildings
| Altar of Storms | 2 | |
| Orc Burrow | 12 | |
| Voodoo Lounge | 2 | |
| Stronghold | 2 | |
| War Mill | 2 | |
| Fortress | 2 | |
| Great Hall | 4 | |
| Watch Tower | 48 | |
| Beastiary | 6 | |
| Altar of Elders | 1 | |
| Moon Well | 1 | |
82 total
» build order
00:09 Altar of Storms
00:20 Orc Burrow
00:50 Voodoo Lounge
02:11 Stronghold
02:30 War Mill
02:33 Orc Burrow
02:34 Orc Burrow
02:34 Orc Burrow
04:38 Fortress
05:38 Great Hall
05:40 Watch Tower
06:32 Watch Tower
07:23 Watch Tower
07:40 Watch Tower
07:40 Watch Tower
07:42 Watch Tower
07:58 Beastiary
09:04 Watch Tower
09:04 Watch Tower
09:20 Beastiary
09:24 Beastiary
09:27 Orc Burrow
10:13 Watch Tower
10:14 Watch Tower
11:03 Watch Tower
11:03 Watch Tower
11:05 Watch Tower
11:06 Watch Tower
11:07 Watch Tower
13:16 Orc Burrow
13:22 Watch Tower
13:22 Watch Tower
13:23 Watch Tower
13:24 Watch Tower
13:24 Watch Tower
13:25 Watch Tower
13:26 Watch Tower
13:26 Watch Tower
13:27 Watch Tower
14:44 Watch Tower
16:41 Great Hall
16:45 Watch Tower
16:46 Watch Tower
16:46 Watch Tower
16:46 Watch Tower
16:47 Watch Tower
16:48 Watch Tower
17:23 Watch Tower
18:22 Watch Tower
18:22 Watch Tower
18:22 Watch Tower
18:44 Watch Tower
18:57 Watch Tower
18:58 Watch Tower
20:44 Watch Tower
20:44 Watch Tower
20:44 Watch Tower
20:45 Watch Tower
20:45 Watch Tower
20:46 Watch Tower
21:35 Stronghold
24:39 Beastiary
24:40 Beastiary
24:41 Beastiary
24:44 Orc Burrow
24:44 Orc Burrow
24:51 Altar of Storms
24:55 Orc Burrow
25:10 War Mill
25:30 Orc Burrow
25:31 Orc Burrow
25:49 Orc Burrow
26:47 Watch Tower
26:48 Watch Tower
26:48 Watch Tower
26:48 Watch Tower
28:16 Altar of Elders
28:18 Moon Well
28:30 Voodoo Lounge
28:32 Fortress
51:49 Great Hall
53:22 Great Hall
» items
| Healing Salve | 5 | |
| Lesser Clarity Potion | 5 | |
| Staff of Teleportation | 1 | |
| Staff of Preservation | 1 | |
| Potion of Lesser Invulnerability | 2 | |
| Potion of Healing | 6 | |
| Potion of Mana | 4 | |
| Scroll of Town Portal | 4 | |
| Orb of Lightning | 1 | |
| Scroll of Healing | 1 | |
30 total
TinaTina420 (
orange | 39 APM | 984 actions | 25:23)
5 Death Knight
2 Death Coil
2 Unholy Aura
1 Death Pact
3 Crypt Lord
2 Carrion Beetles
1 Spiked Carapace
» actions
| Assign group hotkey | 22 | |
| Basic commands | 73 | |
| Build / train | 63 | |
| ESC pressed | 3 | |
| Enter build submenu | 22 | |
| Enter hero's abilities submenu | 8 | |
| Give item / drop item | 2 | |
| Remove unit from queue | 1 | |
| Right click | 323 | |
| Select / deselect | 246 | |
| Select group hotkey | 160 | |
| Use ability | 61 | |
984 total
» units
| Acolyte | 7 | |
| Ghoul | 4 | |
| Crypt Fiend | 18 | |
| Necromancer | 7 | |
| Frost Wyrm | 5 | |
41 total
» upgrades
| Creature Attack | 1 | |
| Creature Carapace | 2 | |
| Web | 1 | |
| Burrow | 1 | |
| Necromancer Training | 1 | |
| Skeletal Longevity | 1 | |
| Freezing Breath | 1 | |
8 total
» buildings
| Graveyard | 1 | |
| Crypt | 1 | |
| Altar of Darkness | 1 | |
| Ziggurat | 7 | |
| Halls of the Dead | 1 | |
| Temple of the Damned | 2 | |
| Tomb of Relics | 1 | |
| Black Citadel | 1 | |
| Sacrificial Pit | 1 | |
| Boneyard | 1 | |
| Nerubian Tower | 1 | |
| Necropolis | 2 | |
20 total
» build order
00:32 Graveyard
00:36 Crypt
00:52 Altar of Darkness
01:09 Ziggurat
01:57 Ziggurat
02:33 Ziggurat
04:37 Halls of the Dead
05:49 Ziggurat
07:43 Ziggurat
07:46 Temple of the Damned
07:54 Temple of the Damned
08:01 Tomb of Relics
11:31 Black Citadel
11:38 Sacrificial Pit
14:25 Boneyard
14:37 Ziggurat
14:42 Nerubian Tower
18:41 Ziggurat
21:05 Necropolis
24:34 Necropolis
blaksnaip (
red | 42 APM | 1922 actions | 46:08)
3 Priestess of the Moon
1 Searing Arrows
2 Trueshot Aura
» actions
| Build / train | 92 | |
| Enter build submenu | 14 | |
| Enter hero's abilities submenu | 3 | |
| Right click | 1625 | |
| Select / deselect | 166 | |
| Use ability | 22 | |
1922 total
» units
| Wisp | 9 | |
| Archer | 34 | |
| Dryad | 13 | |
| Huntress | 17 | |
| Hippogryph | 6 | |
79 total
» upgrades
| Nature's Blessing | 1 | |
| Backpack | 1 | |
| Abolish Magic | 1 | |
| Improved Bows | 1 | |
| Vorpal Blades | 1 | |
| Hippogryph Taming | 1 | |
| Druid of the Talon Training | 1 | |
7 total
» buildings
| Moon Well | 8 | |
| Altar of Elders | 1 | |
| Ancient of War | 1 | |
| Ancient of Wonders | 1 | |
| Tree of Ages | 1 | |
| Hunter's Hall | 1 | |
| Ancient of Lore | 1 | |
| Ancient of Wind | 1 | |
15 total
» build order
00:11 Moon Well
00:19 Altar of Elders
01:10 Moon Well
01:33 Ancient of War
02:21 Ancient of Wonders
02:34 Moon Well
04:56 Moon Well
05:58 Tree of Ages
06:18 Hunter's Hall
08:41 Ancient of Lore
11:40 Moon Well
11:42 Moon Well
11:46 Moon Well
11:51 Moon Well
16:06 Ancient of Wind
» items
Chat log
(00:16 / Allies) The_Trollfather: riggityrdy to partay
(00:24 / Allies) Wesnile: rifles priest
(00:33 / Allies) Wesnile: units?
(00:36 / Allies) CLOPES: hipp chim
(00:43 / All) rainbow-warrior: What is everyone's favorite sci-fi movie? Mine is Alien, followed by Aliens 3
(00:44 / Allies) Wesnile: k
(00:47 / Allies) Fat.Umpalumpa: grunts
(00:52 / Allies) Fat.Umpalumpa: to tauren sham
(01:00 / Allies) Wesnile: cool
(01:04 / All) TinaTina420: does Independence Day count as a sci fi movie?
(01:08 / All) rainbow-warrior: yes
(01:08 / All) The_Trollfather: that's the correct opinion
(01:10 / Allies) Wesnile: hell yea
(01:17 / All) TinaTina420: i like that one
(01:20 / All) TinaTina420: what about men in black?
(01:22 / All) TinaTina420: that was good too
(01:25 / All) rainbow-warrior: will smith certainly is a good actor
(01:25 / All) The_Trollfather: Shit taste pleb up in here
(01:27 / All) TinaTina420: not to go off on will smith or anything
(01:29 / Allies) Fat.Umpalumpa: dont feed the troll
(01:31 / All) The_Trollfather: Orange you have shit taste
(01:36 / All) TinaTina420: oh well
(01:46 / All) The_Trollfather: drink bleach
(01:46 / All) TinaTina420: i mean id pick star wars but thats kinda an easy choice
(01:59 / All) The_Trollfather: Star Wars is Dune for children
(02:01 / All) rainbow-warrior: phantom menance is a great movie
(02:06 / All) rainbow-warrior: "are you an angel"
(03:38 / Allies) Fat.Umpalumpa: green
(03:43 / Allies) Wesnile: one sec
(03:54 / Allies) Fat.Umpalumpa: k
(03:54 / Allies) Wesnile: k
(04:01 / Allies) Wesnile: gota heal real quick
(04:12 / Allies) Wesnile: k
(04:48 / Allies) Fat.Umpalumpa: k brt
(05:58 / Allies) Wesnile: ty
(06:02 / Allies) Fat.Umpalumpa: yep
(08:52 / Allies) Fat.Umpalumpa: wood please
(09:02 / Allies) Fat.Umpalumpa: ty
(09:30 / Allies) Fat.Umpalumpa: green back?
(10:19 / Allies) The_Trollfather: damnit purple
(10:28 / Allies) The_Trollfather: when I actually want your help you're no where
(10:56 / Allies) The_Trollfather: I'd be level 6 easy just now
(11:18 / All) The_Trollfather: how come when I got 6 or so peons selected
(11:22 / All) The_Trollfather: not all the peons will build
(11:28 / All) The_Trollfather: it'll fucking queue shit up
(11:29 / All) rainbow-warrior: 1 may be in mine
(11:36 / All) The_Trollfather: no idle peons
(11:58 / Allies) Wesnile: unit
(12:02 / Allies) Fat.Umpalumpa: ty
(13:38 / Allies) Fat.Umpalumpa: ?
(14:42 / All) The_Trollfather: jesus
(15:09 / Allies) Fat.Umpalumpa: ATKACK
(15:17 / Allies) The_Trollfather: out
(15:45 / Allies) Fat.Umpalumpa: ...
(15:50 / Allies) CLOPES: need more aa
(16:08 / Allies) Fat.Umpalumpa: ...
(16:11 / Allies) Fat.Umpalumpa: i thought you guys had aa
(16:14 / Allies) Fat.Umpalumpa: i had melee...
(16:44 / All) The_Trollfather: I'm going to fuck you up chippo faggot
(18:02 / Allies) Fat.Umpalumpa: well come
(18:03 / Allies) Fat.Umpalumpa: pruple
(18:05 / Allies) Fat.Umpalumpa: yellow
(18:16 / Allies) The_Trollfather: go
(18:22 / Allies) Fat.Umpalumpa: wait
(18:24 / Allies) Fat.Umpalumpa: purple
(18:27 / Allies) The_Trollfather: just fucking go
(18:29 / Allies) CLOPES: gettin tp
(18:37 / Allies) Wesnile: leave the expo
(18:39 / Allies) Fat.Umpalumpa: hurry purple
(18:47 / Allies) The_Trollfather: dude you huge fucking pussy
(18:54 / Allies) Wesnile: who
(18:58 / Allies) The_Trollfather: pink
(21:04 / Allies) Fat.Umpalumpa: back
(21:28 / Allies) CLOPES: ???\
(22:49 / Allies) Wesnile: putting inner fire on u purp
(22:49 / Allies) CLOPES: k
(23:26 / Allies) Fat.Umpalumpa: go
(25:15 / Allies) CLOPES: gold plx
(26:26 / Allies) CLOPES: gold plz
(28:20 / Allies) Wesnile: yellow why you kill my base
(28:37 / Allies) The_Trollfather: I a-moved and probably clicked on it by accident
(28:37 / Allies) Wesnile: why did yellow kill my base
(28:39 / Allies) The_Trollfather: if I did kill it
(28:56 / Allies) Wesnile: wtf
(29:06 / Allies) Wesnile: by accident?
(29:08 / Allies) Wesnile: really
(29:10 / Allies) Wesnile: wtf
(29:21 / Allies) The_Trollfather: when I tped I might have a clicked on it
(30:12 / Allies) Wesnile: omg
(30:41 / Allies) CLOPES: gold plz
(30:47 / Allies) Fat.Umpalumpa: wtf yeloow
(30:49 / Allies) Fat.Umpalumpa: you cunt
(30:55 / Allies) Wesnile: well since yellow killed my expo i have non
(31:00 / Allies) Fat.Umpalumpa: same
(31:19 / Allies) Wesnile: yellow killed you expo
(31:22 / Allies) Wesnile: ?
(31:26 / Allies) CLOPES: yea
(31:30 / Allies) Wesnile: why'
(31:35 / Allies) Fat.Umpalumpa: cause hes trollfather
(31:56 / Allies) Fat.Umpalumpa: hes pissy cause he lost all his units
(31:58 / Allies) Wesnile: so lame
(32:15 / Allies) Fat.Umpalumpa: well lets go gren
(32:38 / Allies) Wesnile: burrow
(33:03 / Allies) Wesnile: omg
(33:05 / All) Fat.Umpalumpa: well gg
(33:08 / All) Fat.Umpalumpa: thanks to yellow
(33:13 / All) rainbow-warrior: naw i earned it
(33:14 / All) Fat.Umpalumpa: tk'ed our expos
(33:17 / All) Fat.Umpalumpa: not at all
(33:21 / All) Fat.Umpalumpa: no gold cause of yellow
(33:23 / All) Fat.Umpalumpa: he won you game
(33:31 / All) Fat.Umpalumpa: watch reply if you dont believe
(33:38 / All) rainbow-warrior: i earned it nigger
(33:42 / All) Fat.Umpalumpa: haha watch reply
(33:48 / All) Fat.Umpalumpa: replay
(33:50 / All) rainbow-warrior: i earned it god dammit
(33:53 / All) Wesnile: this is some bullshit
(34:18 / Allies) CLOPES: \
(34:21 / All) rainbow-warrior: im raping 4 armies woo hoo
(34:24 / All) The_Trollfather: You can't hide from me, bitch
(35:03 / All) The_Trollfather: Red is the black Snape
(35:09 / Allies) Fat.Umpalumpa: well go finish him already
(35:09 / All) The_Trollfather: 10 points for the Crips
(35:19 / Allies) Wesnile: omg
(36:38 / Allies) Wesnile: ty pink
(36:42 / Allies) Fat.Umpalumpa: ya
(36:45 / Allies) Fat.Umpalumpa: cant do much
(36:48 / Allies) Fat.Umpalumpa: fucking yellow
(36:49 / All) rainbow-warrior: i hate it when pple dont give me credit
(36:52 / All) rainbow-warrior: i did good this game
(36:58 / Allies) CLOPES: all i need is to build a tree
(37:03 / All) Fat.Umpalumpa: you did but this should be over.. yelow is troll
(37:12 / All) Wesnile: yea maybe you didi but yellow tked all of our bases
(37:22 / All) Wesnile: ourt expos
(37:25 / All) rainbow-warrior: its disrespectful not to say gj to the other player
(37:33 / Allies) Wesnile: omg
(37:40 / All) Wesnile: grow the fuck up
(37:46 / Allies) Fat.Umpalumpa: incoming
(37:47 / Allies) Wesnile: great
(37:49 / All) rainbow-warrior: who
(38:04 / Allies) Wesnile: get ready
(38:13 / Allies) Wesnile: yellow do something assholew
(38:14 / Allies) Fat.Umpalumpa: make a stand here guysy
(38:36 / Allies) Fat.Umpalumpa: fucking idiot yellow
(38:36 / Allies) Wesnile: omg
(38:45 / All) Fat.Umpalumpa: see
(38:48 / All) Fat.Umpalumpa: yellow tk
(38:51 / All) Fat.Umpalumpa: now you believe me?
(38:55 / Allies) The_Trollfather: He killed my sappers first
(38:57 / All) rainbow-warrior: bro i just got ur shadow hunter dont make excuses
(39:00 / All) The_Trollfather: Pink killed my sappers
(39:10 / All) rainbow-warrior: see u tked him
(39:55 / All) rainbow-warrior: y did u kill his sapper pink
(40:56 / All) Fat.Umpalumpa: rofl
(40:59 / All) Fat.Umpalumpa: well im going afk
(41:01 / All) Fat.Umpalumpa: have fun
(41:04 / Allies) Wesnile: yellow you are such a bitch
(41:09 / All) The_Trollfather: I hate tks ruin teh game
(41:15 / Allies) Wesnile: i bet you have a pussy between you legs
(41:16 / All) The_Trollfather: yellow and green betrayed me and kill one of my expansions
(41:23 / Allies) Wesnile: so you tk everybody?
(41:33 / All) Fat.Umpalumpa: i did nothing
(41:35 / All) Fat.Umpalumpa: so you kill me?
(41:38 / All) Fat.Umpalumpa: faggot
(41:38 / All) rainbow-warrior: u did man
(41:42 / All) Fat.Umpalumpa: no...
(41:46 / All) rainbow-warrior: pink i saw u attack his sapper
(41:55 / All) rainbow-warrior: oj had a shade htere
(42:00 / All) Wesnile: this is so rediculous
(42:17 / All) rainbow-warrior: u guys are being rude as fuck
(42:22 / All) Wesnile: i didnt attack anybody and yellow kills my expo wtf
(42:41 / All) Wesnile: why yellow at least tell me why
(42:56 / All) The_Trollfather: You guys betrayed me
(43:03 / Allies) Wesnile: me?
(43:05 / All) The_Trollfather: Pink killed my sappers
(43:08 / Allies) Wesnile: how
(43:12 / Allies) Wesnile: how did i
(43:16 / All) The_Trollfather: then you guys destroyed my expansion
(43:19 / All) The_Trollfather: Don't play innocent
(43:20 / Allies) Wesnile: what
(43:26 / Allies) Wesnile: thats bullshit
(43:29 / All) The_Trollfather: You attacked my dragonhawk and expansion
(43:30 / Allies) Wesnile: your just a queer
(43:31 / All) Fat.Umpalumpa: I KILLED YOUR SAPPERS CAUSE YOU USE THEM TO KILL MY BASE LOL
(43:42 / All) The_Trollfather: Is this the minority report?
(43:46 / All) The_Trollfather: I can't pre-commit a crime
(43:51 / All) rainbow-warrior: lol
(43:54 / All) Fat.Umpalumpa: its the your a faggot
(44:00 / All) Wesnile: teal please destroy yellow
(44:04 / All) rainbow-warrior: i will
(44:05 / All) The_Trollfather: In my country we're innocent until proven guilty
(44:08 / All) rainbow-warrior: let me kill u lol
(44:12 / All) The_Trollfather: We don't belive in clairvoyance
(44:14 / All) rainbow-warrior: red
(44:18 / All) rainbow-warrior: let me kill pink
(44:19 / All) rainbow-warrior: i mean
(44:24 / All) Fat.Umpalumpa: i have a replay idiot i have my evidence and you are guilty
(44:45 / All) The_Trollfather: I didn't use the sapper on your base, they were going there to help your army against teal's vast forces
(44:49 / All) Wesnile: yellow is at the middle of the map at his mine teal
(44:55 / All) rainbow-warrior: k
(45:05 / All) The_Trollfather: I just want to mine gold in peace
(45:08 / All) rainbow-warrior: middle?
(45:10 / All) Fat.Umpalumpa: really? then why did your other two sappers kill my expo and watch tower
(45:11 / All) The_Trollfather: I'm a businessman, not a fighter
(45:12 / Allies) Wesnile: yea
(45:52 / All) The_Trollfather: this is one of the worst teams god's ever given me
(45:54 / All) Wesnile: he has only 4 towers at that base and one is almost destroyed
(46:07 / All) Fat.Umpalumpa: thanks to me :D
(46:10 / All) Fat.Umpalumpa: and green
(46:31 / All) rainbow-warrior: should i get bats or wyverns to kill yellow
(46:40 / All) Wesnile: bats
(46:44 / All) The_Trollfather: kodos for sure
(46:58 / All) Fat.Umpalumpa: ya bats
(47:10 / Allies) Wesnile: and you will need seige later to kill his expos
(47:13 / All) Fat.Umpalumpa: maybe demos for towers
(47:16 / All) Wesnile: hes towering them up
(47:58 / All) rainbow-warrior: ill rape his ass
(48:03 / All) Wesnile: his wood cutter is at the most left lower mine cutting trees outside the range of his towers
(48:31 / All) Wesnile: nvm he killed it himself with his towers
(48:35 / All) Wesnile: why I dont know
(48:56 / All) The_Trollfather: Noobs cannot pierce the arcane mysteries of the gosu
(49:25 / All) Wesnile: back he is a t his main base now
(50:15 / All) Wesnile: he is headed for your middle base
(50:28 / All) rainbow-warrior: give me better advice jesus
(50:56 / All) Wesnile: see why i say bats
(50:59 / All) rainbow-warrior: i am
(51:02 / All) rainbow-warrior: getting em
(51:13 / Allies) Wesnile: kimacozy him
(51:22 / All) Wesnile: blow up
(51:26 / All) Wesnile: out
(51:34 / All) Fat.Umpalumpa: lol close
(51:44 / All) rainbow-warrior: they call me mr pro
(52:02 / All) rainbow-warrior: update me where he is idots
(52:11 / All) Wesnile: he is headed toward you right base
(54:06 / Allies) Wesnile: get that last dragon hawk
(54:36 / All) Wesnile: he has 2 dragon hawks and 8 gryphons
(54:50 / All) rainbow-warrior: what exactly do i attack him with
(55:03 / All) Fat.Umpalumpa: nothing but bats
(55:09 / All) Wesnile: he only has 3 k left in his mines total
(55:21 / All) rainbow-warrior: and how much gold
(55:37 / All) Fat.Umpalumpa: 23k
(55:41 / All) rainbow-warrior: so y tell me
(55:49 / All) rainbow-warrior: only 3k left
(55:52 / All) rainbow-warrior: when he has 23k
(56:14 / Allies) Wesnile: didnt think tio check his castle
(56:41 / All) Fat.Umpalumpa: lol why?
(56:50 / All) Wesnile: damn good try
(56:51 / All) rainbow-warrior: well that worked
(57:57 / Allies) Fat.Umpalumpa: can you telle to critter?
(58:35 / All) Wesnile: yellow is prob a 40 year old sitting in his moms basement
(58:48 / All) rainbow-warrior: i dont understand y pink tked him in the first place
(58:51 / All) rainbow-warrior: over a sapper?
(58:53 / All) rainbow-warrior: u mean shredder?
(58:54 / All) Wesnile: his peons are headed to your bottom base teal
(58:54 / All) The_Trollfather: Why do you keep hurling such slanderous accusations at me?
(59:03 / All) The_Trollfather: All I ever wanted to do was mine my claims in peace
(59:18 / Allies) Wesnile: teal your bottom base man
(59:28 / All) Wesnile: teal your bottom base
(60:46 / All) Wesnile: now hes killing himself
(62:57 / All) Wesnile: teal his hall is like 2 hits from being destroyed on his lower left mine
(64:09 / All) Wesnile: teal you there
(64:12 / All) Wesnile: ?
(67:15 / All) rainbow-warrior: jamarcus russel #1
(68:16 / All) The_Trollfather: Who wants the win?
(70:31 / Allies) The_Trollfather: You want the win? You betrayed me, I don't know if I can forgive you guys
(71:52 / Allies) The_Trollfather: See you in hell, traitor